EVO
WICHITA STATE UNIVERSITY SHOCKERS @ PENNSYLVANIA STATE UNIVERSITY NITTANY LIONS
08/10/2044
 
TOP OF THE 1ST
Wichita State University Shockers batting - Pitching for Pennsylvania State University Nittany Lions : RHP Ivan Bonilla
Pitching: RHP Ivan Bonilla
Batting: RHB Jason Baldwin 0-0: Ball
1-0: Fly out, F7 (Flyball, 78S, EV 76.2 MPH)
Batting: RHB Alex Campos 0-0: Ball
1-0: Called Strike
1-1: Ball
2-1: Foul Ball, location: 2F
2-2: Ball
3-2: Ground out 6-3 (Groundball, 6D, EV 81.9 MPH)
Batting: RHB Zach Maguire 0-0: Called Strike
0-1: Ball
1-1: Ball
2-1: Ball
3-1: Called Strike
3-2: Foul Ball, location: 2F
3-2: SINGLE (Line Drive, 8RS, EV 102.5 MPH)
Batting: LHB Sam Williams 0-0: Foul Ball, location: 2F
0-1: Swinging Strike
0-2: Foul Ball, location: 2F
0-2: Ball
1-2: Ball
2-2: Ball
3-2: Fly out, F8 (Flyball, 8RS, EV 90.6 MPH)
Top of the 1st over - 0 runs, 1 hit, 0 errors, 1 left on base; Wichita State University 0 - Pennsylvania State University 0
BOTTOM OF THE 1ST
Pennsylvania State University Nittany Lions batting - Pitching for Wichita State University Shockers : LHP Adam Schmidt
Pitching: LHP Adam Schmidt
Batting: RHB Ben Burkholder 0-0: Called Strike
0-1: Ball
1-1: Ball
2-1: Ball
3-1: Called Strike
3-2: Ground out U3 (Groundball, 34, EV 87.5 MPH)
Batting: RHB Chris Trites 0-0: Ball
1-0: Called Strike
1-1: Ball
2-1: Foul Ball, location: 2F
2-2: SINGLE (Groundball, 4MD, EV 103.1 MPH)
Batting: RHB Julian Gregory 0-0: Ball
1-0: Ball
2-0: Reached on error, E5 (Groundball, 5, EV 85.0 MPH)
Chris Trites to second
Batting: LHB Tyler Francis 0-0: Ball
1-0: Fly out, F8 (Flyball, 78S, EV 93.8 MPH)
Batting: RHB Eric Wiss 0-0: Fielders Choice at 2nd, 6-4 (Groundball, 6, EV 96.9 MPH)
Bottom of the 1st over - 0 runs, 1 hit, 1 error, 2 left on base; Wichita State University 0 - Pennsylvania State University 0
TOP OF THE 2ND
Wichita State University Shockers batting - Pitching for Pennsylvania State University Nittany Lions : RHP Ivan Bonilla
Batting: RHB Nick Gossman 0-0: Swinging Strike
0-1: DOUBLE (Line Drive, 89D, EV 113.8 MPH)
Batting: SHB Houston Phillips 0-0: Called Strike
0-1: Fly out, F7 (Flyball, 78S, EV 85.6 MPH)
Batting: LHB Bill Girton 0-0: Fly out, F4 (Popup, 4MD, EV 56.2 MPH)
Batting: RHB Rafael Gil 0-0: Called Strike
0-1: SINGLE (Line Drive, 89S, EV 93.1 MPH)
Nick Gossman to third
Runner from 3rd tries for Home, throw by RF and OUT! 9-2
Top of the 2nd over - 0 runs, 2 hits, 0 errors, 1 left on base; Wichita State University 0 - Pennsylvania State University 0
BOTTOM OF THE 2ND
Pennsylvania State University Nittany Lions batting - Pitching for Wichita State University Shockers : LHP Adam Schmidt
Batting: RHB Brian Rogers 0-0: Called Strike
0-1: DOUBLE (Groundball, 5L, EV 107.5 MPH)
Batting: LHB Angel Oropeza 0-0: Ball
1-0: Ball
2-0: Foul Ball, location: 2F
2-1: Swinging Strike
2-2: Foul Ball, location: 2F
2-2: Strikes out swinging
Batting: RHB Ethan Finke 0-0: Ball
1-0: Called Strike
1-1: Ball
2-1: Ball
3-1: Fly out, F9 (Flyball, 9LM, EV 86.2 MPH)
Batting: RHB Luke Vaccarino 0-0: Foul Ball, location: 2F
0-1: Foul Ball, location: 2F
0-2: Ball
1-2: Strikes out swinging, 2-3 out at first.
Bottom of the 2nd over - 0 runs, 1 hit, 0 errors, 1 left on base; Wichita State University 0 - Pennsylvania State University 0
TOP OF THE 3RD
Wichita State University Shockers batting - Pitching for Pennsylvania State University Nittany Lions : RHP Ivan Bonilla
Batting: RHB Yutaka Yamane 0-0: Called Strike
0-1: Hit by Pitch
Batting: RHB Jason Baldwin 0-0: Called Strike
0-1: Called Strike
0-2: DOUBLE (Line Drive, 89D, EV 111.9 MPH)
Yutaka Yamane to third
Batting: RHB Alex Campos 0-0: Ball
1-0: Called Strike
1-1: Ball
2-1: Called Strike
2-2: SINGLE (Flyball, 56D, EV 93.1 MPH)
Yutaka Yamane scores
Jason Baldwin to third
Batting: RHB Zach Maguire 0-0: Ball
1-0: Fielders Choice at 2nd, 3-6 (Groundball, 34S, EV 83.1 MPH)
Jason Baldwin scores
Batting: LHB Sam Williams 0-0: Fielders Choice at 2nd, 5-4 (Groundball, 56S, EV 83.1 MPH)
Batting: RHB Nick Gossman 0-0: Fly out, F8 (Line Drive, 8LD, EV 101.9 MPH)
Top of the 3rd over - 2 runs, 2 hits, 0 errors, 1 left on base; Wichita State University 2 - Pennsylvania State University 0
BOTTOM OF THE 3RD
Pennsylvania State University Nittany Lions batting - Pitching for Wichita State University Shockers : LHP Adam Schmidt
Batting: RHB Ben Burkholder 0-0: Called Strike
0-1: Foul Ball, location: 2F
0-2: Hit by Pitch
Pinch Runner at 1st Dave Fredericks:
Batting: RHB Chris Trites 0-0: Ball
1-0: Ball
2-0: Called Strike
2-1: Swinging Strike
2-2: Foul Ball, location: 2F
2-2: Strikes out looking
Batting: RHB Julian Gregory 0-0: Called Strike
0-1: Ball
1-1: Swinging Strike
1-2: Ball
2-2: Ball
3-2: Strikes out swinging
Batting: LHB Tyler Francis 0-0: Foul Ball, location: 2F
0-1: Ball
1-1: Ball
2-1: Fly out, F8 (Flyball, 8LXD, EV 88.8 MPH)
Bottom of the 3rd over - 0 runs, 0 hits, 0 errors, 1 left on base; Wichita State University 2 - Pennsylvania State University 0
TOP OF THE 4TH
Wichita State University Shockers batting - Pitching for Pennsylvania State University Nittany Lions : RHP Ivan Bonilla
Now in LF: Dave Fredericks
Batting: SHB Houston Phillips 0-0: Called Strike
0-1: Ball
1-1: Ball
2-1: Foul Ball, location: 2F
2-2: Ball
3-2: Base on Balls
Batting: LHB Bill Girton 0-0: Foul Ball, location: 2F
0-1: Ball
1-1: Ball
2-1: SINGLE (Line Drive, 78S, EV 89.4 MPH)
Houston Phillips to second
Batting: RHB Rafael Gil 0-0: Foul Ball, location: 2F
0-1: Ground out 4-3 (Groundball, 4S, EV 65.0 MPH)
Houston Phillips to third
Bill Girton to second
Batting: RHB Yutaka Yamane 0-0: Called Strike
0-1: Ball
1-1: Called Strike
1-2: Ball
2-2: Reached on error, E3 (Groundball, 34, EV 91.2 MPH)
Houston Phillips scores
Bill Girton to third
Batting: RHB Jason Baldwin 0-0: Ball
1-0: Called Strike
1-1: Fielders Choice at 2nd, 4-6 (Groundball, 4MS, EV 88.8 MPH)
Bill Girton scores
Batting: RHB Alex Campos 0-0: Ball
1-0: Ball
2-0: Fly out, F3 (Popup, 3F, EV 72.5 MPH)
Top of the 4th over - 2 runs, 1 hit, 1 error, 1 left on base; Wichita State University 4 - Pennsylvania State University 0
BOTTOM OF THE 4TH
Pennsylvania State University Nittany Lions batting - Pitching for Wichita State University Shockers : LHP Adam Schmidt
Batting: RHB Eric Wiss 0-0: Called Strike
0-1: Ball
1-1: Ball
2-1: Foul Ball, location: 2F
2-2: Ground out 6-3 (Groundball, 6, EV 113.1 MPH)
Batting: RHB Brian Rogers 0-0: Swinging Strike
0-1: Foul Ball, location: 2F
0-2: Ball
1-2: Ground out 3-1 (Groundball, 34, EV 78.8 MPH)
Batting: LHB Angel Oropeza 0-0: Fly out, F4 (Line Drive, 4, EV 62.5 MPH)
Bottom of the 4th over - 0 runs, 0 hits, 0 errors, 0 left on base; Wichita State University 4 - Pennsylvania State University 0
TOP OF THE 5TH
Wichita State University Shockers batting - Pitching for Pennsylvania State University Nittany Lions : RHP Ivan Bonilla
Pitching: RHP Greg Hall
Batting: RHB Zach Maguire 0-0: Foul Ball, location: 2F
0-1: Ball
1-1: Ball
2-1: SINGLE (Line Drive, 89S, EV 85.6 MPH)
Batting: LHB Sam Williams 0-0: Ball
Wild Pitch!
Zach Maguire to second
1-0: Foul Ball, location: 2F
1-1: Ball
2-1: Foul Ball, location: 2F
2-2: Ball
3-2: Foul Ball, location: 2F
3-2: Foul Ball, location: 2F
3-2: 2-RUN HOME RUN (Flyball, 7LD, EV 94.4 MPH), Distance : 377 ft
Batting: RHB Nick Gossman 0-0: Foul Ball, location: 2F
0-1: Called Strike
0-2: Ball
1-2: Ground out 4-3 (Groundball, 4, EV 102.5 MPH)
Batting: SHB Houston Phillips 0-0: Swinging Strike
0-1: Ball
1-1: Ground out U3 (Groundball, 3, EV 84.4 MPH)
Batting: LHB Bill Girton 0-0: Foul Ball, location: 2F
0-1: Swinging Strike
0-2: DOUBLE (Line Drive, 7LM, EV 97.5 MPH)
Batting: RHB Rafael Gil 0-0: Called Strike
0-1: Swinging Strike
0-2: Ball
1-2: 2-RUN HOME RUN (Flyball, 78XD, EV 116.2 MPH), Distance : 472 ft
Pitching: LHP Ighlas Kumbuka
Batting: RHB Yutaka Yamane 0-0: Called Strike
0-1: Called Strike
0-2: Strikes out looking
Top of the 5th over - 4 runs, 4 hits, 0 errors, 0 left on base; Wichita State University 8 - Pennsylvania State University 0
BOTTOM OF THE 5TH
Pennsylvania State University Nittany Lions batting - Pitching for Wichita State University Shockers : LHP Adam Schmidt
Pitching: RHP Connor Payne
Batting: RHB Ethan Finke 0-0: Ball
1-0: Ball
2-0: Foul Ball, location: 2F
2-1: Ball
3-1: Base on Balls
Batting: RHB Luke Vaccarino 0-0: Foul Ball, location: 2F
0-1: Ball
1-1: Called Strike
1-2: Ball
2-2: Strikes out looking
Batting: RHB Dave Fredericks 0-0: Ball
1-0: Swinging Strike
1-1: Swinging Strike
1-2: Strikes out swinging
Batting: RHB Chris Trites 0-0: Ball
1-0: Ball
2-0: Ball
3-0: Called Strike
3-1: Base on Balls
Ethan Finke to second
Batting: RHB Julian Gregory 0-0: Fly out, F8 (Line Drive, 8LM, EV 90.0 MPH)
Bottom of the 5th over - 0 runs, 0 hits, 0 errors, 2 left on base; Wichita State University 8 - Pennsylvania State University 0
TOP OF THE 6TH
Wichita State University Shockers batting - Pitching for Pennsylvania State University Nittany Lions : LHP Ighlas Kumbuka
Pinch Hitting: RHB Manny Hensley 0-0: Fly out, F7 (Flyball, 7LM, EV 86.2 MPH)
Batting: RHB Alex Campos 0-0: Foul Ball, location: 2F
0-1: Swinging Strike
0-2: Ball
1-2: Ball
2-2: Strikes out swinging
Batting: RHB Brad Brady 0-0: Ball
1-0: Ball
2-0: Foul Ball, location: 2F
2-1: Called Strike
2-2: Strikes out swinging
Top of the 6th over - 0 runs, 0 hits, 0 errors, 0 left on base; Wichita State University 8 - Pennsylvania State University 0
BOTTOM OF THE 6TH
Pennsylvania State University Nittany Lions batting - Pitching for Wichita State University Shockers : RHP Connor Payne
Now at 2B: Manny Hensley
Batting: LHB Tyler Francis 0-0: Ball
1-0: Foul Ball, location: 2F
1-1: Ball
2-1: Foul Ball, location: 2F
2-2: Foul Ball, location: 2F
2-2: Foul Ball, location: 2F
2-2: SINGLE (Line Drive, 4D, EV 99.4 MPH)
Batting: RHB Eric Wiss 0-0: Ball
1-0: Grounds into double play, 5-4-3 (Groundball, 5, EV 99.4 MPH)
Batting: RHB Brian Rogers 0-0: Ball
1-0: Called Strike
1-1: Ball
2-1: SINGLE (Groundball, 56S, EV 72.5 MPH) (infield hit)
Batting: LHB Angel Oropeza 0-0: Foul Ball, location: 2F
0-1: Ball
1-1: Ball
2-1: Fly out, F8 (Flyball, 78XD, EV 98.8 MPH)
Bottom of the 6th over - 0 runs, 2 hits, 0 errors, 1 left on base; Wichita State University 8 - Pennsylvania State University 0
TOP OF THE 7TH
Wichita State University Shockers batting - Pitching for Pennsylvania State University Nittany Lions : LHP Ighlas Kumbuka
Pinch Hitting: LHB Steve LeGrand 0-0: Called Strike
0-1: Ground out U3 (Groundball, 34, EV 85.0 MPH)
Batting: RHB Nick Gossman 0-0: Ball
1-0: Called Strike
1-1: Called Strike
1-2: Strikes out swinging
Pinch Hitting: RHB Efrain Cedeno 0-0: Swinging Strike
0-1: Ball
1-1: Foul Ball, location: 2F
1-2: Ball
2-2: Strikes out looking
Top of the 7th over - 0 runs, 0 hits, 0 errors, 0 left on base; Wichita State University 8 - Pennsylvania State University 0
BOTTOM OF THE 7TH
Pennsylvania State University Nittany Lions batting - Pitching for Wichita State University Shockers : RHP Connor Payne
Pitching: RHP David Landa
Now at 1B: Steve LeGrand
Now at SS: Efrain Cedeno
Pinch Hitting: SHB Kevin Greenan 0-0: Ball
1-0: Swinging Strike
1-1: Ball
2-1: Foul Ball, location: 2F
2-2: Strikes out swinging
Batting: RHB Luke Vaccarino 0-0: Ball
1-0: Called Strike
1-1: Foul Ball, location: 2F
1-2: Foul Ball, location: 2F
1-2: Fly out, F8 (Flyball, 8LD, EV 82.5 MPH)
Batting: RHB Dave Fredericks 0-0: Fly out, F5 (Popup, 5SF, EV 75.6 MPH)
Bottom of the 7th over - 0 runs, 0 hits, 0 errors, 0 left on base; Wichita State University 8 - Pennsylvania State University 0
TOP OF THE 8TH
Wichita State University Shockers batting - Pitching for Pennsylvania State University Nittany Lions : LHP Ighlas Kumbuka
Now at SS: Kevin Greenan
Batting: LHB Bill Girton 0-0: Foul Ball, location: 2F
0-1: Called Strike
0-2: Ball
1-2: Foul Ball, location: 2F
1-2: Ball
2-2: Strikes out swinging
Batting: RHB Rafael Gil 0-0: Called Strike
0-1: Fly out, F3 (Line Drive, 3, EV 71.9 MPH)
Pinch Hitting: RHB Jonathan Iniguez 0-0: Swinging Strike
0-1: Called Strike
0-2: Ball
1-2: Ball
2-2: Ball
3-2: Foul Ball, location: 2F
3-2: Strikes out swinging
Top of the 8th over - 0 runs, 0 hits, 0 errors, 0 left on base; Wichita State University 8 - Pennsylvania State University 0
BOTTOM OF THE 8TH
Pennsylvania State University Nittany Lions batting - Pitching for Wichita State University Shockers : RHP David Landa
Now in CF: Jonathan Iniguez
Pinch Hitting: RHB Tim Long 0-0: Ball
1-0: Foul Ball, location: 2F
1-1: Foul Ball, location: 2F
1-2: Fly out, F3 (Popup, 3S, EV 78.8 MPH)
Pinch Hitting: RHB Alberto Bravo 0-0: Ball
1-0: Ball
2-0: SINGLE (Groundball, 56S, EV 73.1 MPH) (infield hit)
Batting: RHB Fate Makeever 0-0: Ball
1-0: Foul Ball, location: 2F
1-1: DOUBLE (Line Drive, 78M, EV 102.5 MPH)
Alberto Bravo to third
Pinch Hitting: RHB Coen Dirks 0-0: Ball
1-0: Ground out 4-3 (Groundball, 4, EV 114.4 MPH)
Alberto Bravo scores
Fate Makeever to third
Batting: RHB Brian Rogers 0-0: Swinging Strike
0-1: Ball
1-1: Foul Ball, location: 2F
1-2: Strikes out swinging
Bottom of the 8th over - 1 run, 2 hits, 0 errors, 1 left on base; Wichita State University 8 - Pennsylvania State University 1
TOP OF THE 9TH
Wichita State University Shockers batting - Pitching for Pennsylvania State University Nittany Lions : LHP Ighlas Kumbuka
Pitching: RHP Edwin Marquez
Now at 1B: Brian Rogers
Now at 2B: Coen Dirks
Now at 3B: Tim Long
Now in CF: Alberto Bravo
Batting: RHB Manny Hensley 0-0: Ball
1-0: Foul Ball, location: 2F
1-1: SOLO HOME RUN (Line Drive, 9LD, EV 98.8 MPH), Distance : 362 ft
Batting: RHB Alex Campos 0-0: Ball
1-0: Called Strike
1-1: DOUBLE (Line Drive, 3D, EV 96.9 MPH) - OUT at third base trying to stretch hit.
Batting: RHB Brad Brady 0-0: Ball
1-0: Foul Ball, location: 2F
1-1: Foul Ball, location: 2F
1-2: Ball
2-2: Strikes out swinging
Batting: LHB Steve LeGrand 0-0: Called Strike
0-1: Ball
1-1: Foul Ball, location: 2F
1-2: Foul Ball, location: 2F
1-2: Ball
2-2: Foul Ball, location: 2F
2-2: Fly out, F8 (Flyball, 8RM, EV 83.1 MPH)
Top of the 9th over - 1 run, 2 hits, 0 errors, 0 left on base; Wichita State University 9 - Pennsylvania State University 1
BOTTOM OF THE 9TH
Pennsylvania State University Nittany Lions batting - Pitching for Wichita State University Shockers : RHP David Landa
Pinch Hitting: RHB Mike Larson 0-0: Called Strike
0-1: Ball
1-1: Fly out, F7 (Flyball, 7D, EV 99.4 MPH)
Batting: SHB Kevin Greenan 0-0: Ball
1-0: Ground out 3-1 (Groundball, 34S, EV 92.5 MPH)
Batting: RHB Luke Vaccarino 0-0: Ball
1-0: Foul Ball, location: 2F
1-1: Ball
2-1: Ground out U3 (Groundball, 3, EV 81.2 MPH)
Bottom of the 9th over - 0 runs, 0 hits, 0 errors, 0 left on base; Wichita State University 9 - Pennsylvania State University 1
Thursday, March 31st , 2022 - OOTP Baseball 22.12 Build 89